 Dungeon Crawl Stone Soup version 0.30-a0-852-g08b95dd62f (webtiles) character file.

Game seed: 7326873569668224890

13 avis the Vexing (level 2, -4/24 HPs)
             Began as a Demigod Hexslinger on Mar 5, 2023.
             Slain by Sigmund
             ... wielding a +0 scythe
              (11 damage)
             ... on level 2 of the Dungeon.
             The game lasted 00:03:29 (686 turns).

avis the Vexing (Demigod Hexslinger)                 Turns: 686, Time: 00:03:30

Health: -4/24      AC:  3    Str: 11    XL:     2   Next: 12%
Magic:  5/5        EV: 17    Int: 15    God:
Gold:   83         SH:  0    Dex: 14    Spells: 2/3 levels left

rFire   . . .      SeeInvis .    b - +1 sling
rCold   . . .      Faith    .    (no shield)
rNeg    . . .      Spirit   .    c - +0 robe
rPois   .          Reflect  .    g - +0 helmet
rElec   .          Rampage  .    (no cloak)
rCorr   .                        (no gloves)
Will    .....                    (no boots)
Stlth   +                        (no amulet)
HPRegen 0.24/turn                e - +5 ring of evasion
MPRegen 0.09/turn                (no ring)

@: no status effects
A: high MP 1, forlorn, divine attributes
a: no special abilities


You were on level 2 of the Dungeon.
You visited 1 branch of the dungeon, and saw 2 of its levels.

You collected 83 gold pieces.

Inventory:

Hand Weapons
 b - a +1 sling (weapon)
Armour
 c - a +0 robe (worn)
 g - a +0 helmet (worn)
Jewellery
 e - a +5 ring of evasion (left hand)
Scrolls
 a - a scroll of poison
 f - a scroll of identify {unknown}
 i - a scroll of teleportation {unknown}


   Skills:
 * Level 1.9 Fighting
 - Level 2.0 Ranged Weapons
 - Level 1.7 Dodging
 - Level 1.0 Spellcasting
 - Level 2.6 Hexes


You had 2 spell levels left.
You knew the following spells:

 Your Spells              Type           Power      Damage    Failure   Level
a - Slow                  Hex            32%        N/A       9%          1

Your spell library contained the following spells:

 Spells                   Type           Power      Damage    Failure   Level
 Sandblast                Erth           0%         2d4       24%         1
 Passwall                 Tmut/Erth      0%         N/A       36%         2
 Inner Flame              Hex/Fire       4%         N/A       38%         3
 Portal Projectile        Hex/Tloc       8%         N/A       38%         3
 Stone Arrow              Conj/Erth      0%         3d7       58%         3
 Cause Fear               Hex            4%         N/A       63%         4


Dungeon Overview and Level Annotations

Branches:
Dungeon (2/15)

Annotations:
D:2 Sigmund


Innate Abilities, Weirdness & Mutations

You have an increased reservoir of magic. (+10% MP)
You shall have no god before yourself.
Your divine heritage dramatically boosts your attributes as you level up.


Message History

Sigmund is severely wounded.
The bat hits you but does no damage. Sigmund closely misses you.
Fire: b) +1 sling
Press: ? - help, Q - select action, (/) - cycle Shift-Dir - straight line, f/p - Sigmund
Aim: Sigmund, wielding a +0 scythe and wearing a +0 robe (severely wounded, 53% to hit)
You shoot a sling bullet. The sling bullet barely misses Sigmund.
The bat closely misses you.
Fire: b) +1 sling
Press: ? - help, Q - select action, (/) - cycle Shift-Dir - straight line, f/p - Sigmund
Aim: Sigmund, wielding a +0 scythe and wearing a +0 robe (severely wounded, 53% to hit)
You shoot a sling bullet. The sling bullet barely misses Sigmund.
The bat misses you. Sigmund completely misses you.
Fire: b) +1 sling
Press: ? - help, Q - select action, (/) - cycle Shift-Dir - straight line, f/p - Sigmund
Aim: Sigmund, wielding a +0 scythe and wearing a +0 robe (severely wounded, 53% to hit)
You shoot a sling bullet. The sling bullet hits Sigmund.
Sigmund is almost dead.
The bat misses you. Sigmund closely misses you. The bat misses you.
Fire: b) +1 sling
Press: ? - help, Q - select action, (/) - cycle Shift-Dir - straight line, f/p - Sigmund
Aim: Sigmund, wielding a +0 scythe and wearing a +0 robe (almost dead, 53% to hit)
You shoot a sling bullet.
The sling bullet hits Sigmund but does no damage.
Sigmund is almost dead.
The bat hits you but does no damage. Sigmund barely misses you.
The bat barely misses you.
Fire: b) +1 sling
Press: ? - help, Q - select action, (/) - cycle Shift-Dir - straight line, f/p - Sigmund
Aim: Sigmund, wielding a +0 scythe and wearing a +0 robe (almost dead, 53% to hit)
You shoot a sling bullet.
The sling bullet hits Sigmund but does no damage.
Sigmund is almost dead.
The bat closely misses you. Sigmund closely misses you.
Fire: b) +1 sling
Press: ? - help, Q - select action, (/) - cycle Shift-Dir - straight line, f/p - Sigmund
Aim: Sigmund, wielding a +0 scythe and wearing a +0 robe (almost dead, 53% to hit)
You shoot a sling bullet. The sling bullet hits the bat.
You kill the bat!
Sigmund hits you from afar with a +0 scythe!
You die...

.. .. #. #.
#.### ##...
##...##
#...@.#
#.......#
#.....)@...#
...........+
#..........#
#.#.......##
. ##.....##
##...##


You could see Sigmund.

Vanquished Creatures
  A dart slug (D:1)
  2 bats
  2 endoplasms (D:1)
  A giant cockroach (D:1)
  A kobold (D:1)
  A quokka (D:1)
  3 rats (D:1)
11 creatures vanquished.

Notes
Turn   | Place    | Note
-------+----------+-------------------------------------------
     0 | D:1      | avis the Demigod Hexslinger began the quest for the Orb.
     0 | D:1      | Reached XP level 1. HP: 15/15 MP: 4/4
    38 | D:1      | Reached skill level 1 in Fighting
   258 | D:1      | Reached XP level 2. HP: 22/24 MP: 2/5
   661 | D:2      | Noticed Sigmund
   686 | D:2      | Slain by Sigmund

Illustrated notes

Levels and vault maps discovered:
D:1:      dpeg_arrival_line_fractal, layout_rooms
D:2:      layout_loops_corners, kennysheep_decorative_pillar,
          minmay_door_square, dk_noncrumbling_2, uniq_sigmund

Skill      XL: |  1 |
---------------+----+-----
Fighting       | 1 |  1.9
Ranged Weapons | 2 |  2.0
Dodging        | |  1.7
Spellcasting   | |  1.0
Hexes          | |  2.6

Action                     || total
---------------------------++-------
   Fire: Sling             ||    50
   Cast: Slow              ||     6
    Use: Potion            ||     2
 Armour: Robe              ||     4
  Dodge: Dodged            ||    40

Table legend: (Time is in decaauts)
 A = Elapsed time spent in this place.
 B = Non-inter-level travel time spent in this place.
 C = Inter-level travel time spent in this place.
 D = Time resting spent in this place.
 E = Time spent auto-exploring this place.
 F = Levels seen in this place.
 G = Mean time per level.
                   A        B        C        D        E       F      G
               +--------+--------+--------+--------+--------+-----+--------+
         Total |    700 |    649 |     51 |    167 |    334 |   2 |  350.0 |
       Dungeon |    700 |    649 |     51 |    167 |    334 |   2 |  350.0 |
               +--------+--------+--------+--------+--------+-----+--------+

Top non-repeatable levels by time:
     D:1: 664 daAuts
     D:2: 35 daAuts
